Map: Orbital Shipyard

Players

LilDicky - Winner!

  • Race: Terran Terran
  • League: Diamond

Alkan

  • Race: Zerg Zerg
  • League: Diamond

VOD

http://www.twitch.tv/tumescentpie

Description

Time

  • Played on: Nov. 23, 2015, 11:01 p.m.
  • Length: 15:31
Show
View Real Time Build Order
Export as new Build Order

LilDicky Terran - Winner!

Build Orders: MMM Bio 

Get SALT Encoding   

  12  0:02  SCV  
  13  0:15  SCV  
  14  0:23  Supply Depot  
  14  0:27  SCV  
  15  0:42  Refinery  
  15  0:44  SCV  
  16  0:52  Barracks  
  16  0:56  SCV  
  17  1:08  SCV  
  18  1:20  SCV, Barracks  
  19  1:33  SCV  
  20  1:42  Supply Depot  
  20  1:43  Reaper  
  20  1:45  Orbital Command  
  21  1:54  Refinery  
  21  1:56  Barracks  
  21  2:08  Reaper  
  21  2:11  SCV  
  21  2:15  Reaper  
  24  2:23  SCV  
  25  2:30  Barracks  
  25  2:31  Supply Depot  
  25  2:35  SCV  
  26  2:40  Reaper  
  27  2:56  Reaper  
  27  2:57  SCV, Reaper  
  30  3:12  Reaper  
  30  3:13  SCV  
  31  3:24  Reaper  
  31  3:26  SCV  
  33  3:28  Reaper  
  33  3:29  Reaper  
  33  3:33  Supply Depot  
  35  3:36  Command Center  
  35  3:38  SCV  
  36  3:45  Reaper  
  37  3:56  Reaper  
  37  4:01  Reaper x2  
  40  4:15  SCV  
  40  4:17  Reaper  
  42  4:21  Barracks  
  42  4:24  Barracks  
  41  4:27  Refinery  
  41  4:29  Refinery  
  39  4:34  SCV  
  41  4:46  SCV  
  41  4:49  Orbital Command  
  39  4:52  Barracks Tech Lab  
  39  4:53  Barracks Tech Lab  
  39  4:57  Barracks Reactor  
  39  4:58  SCV  
  40  5:08  Engineering Bay  
  40  5:10  SCV  
  40  5:12  Engineering Bay  
  40  5:18  Combat Shields, Barracks Tech Lab  
  40  5:19  Barracks Tech Lab, Stimpack  
  40  5:20  Marine  
  41  5:23  SCV  
  41  5:28  Factory  
  42  5:35  SCV  
  41  6:01  Marine, Marauder x3  
  41  6:02  Terran Infantry Weapons Level 1  
  41  6:03  Terran Infantry Armor Level 1, SCV  
  48  6:08  SCV  
  48  6:14  Marine  
  48  6:15  Marauder, Marine  
  48  6:16  SCV  
  48  6:17  Factory Reactor  
  52  6:20  Starport  
  52  6:25  Marine  
  54  6:27  Concussive Shells  
  54  6:28  SCV  
  54  6:33  Marine x2  
  54  6:34  Marine, Marauder x2  
  54  6:39  SCV  
  61  6:56  Marine  
  61  7:01  Supply Depot  
  62  7:22  Marine x2  
  65  7:23  Marauder x3  
  70  7:30  Marine  
  70  7:34  Marauder  
  70  7:38  Supply Depot  
  70  7:40  SCV, Marine x2, Medivac x2  
  70  7:44  Marine  
  78  7:45  Missile Turret x2  
  78  7:51  Missile Turret x2  
  78  7:52  Armory  
  78  7:59  Marine x2, Widow Mine  
  78  8:00  Marauder x2  
  78  8:02  Supply Depot  
  78  8:03  Supply Depot  
  86  8:05  Supply Depot  
  86  8:07  Supply Depot  
  86  8:23  Medivac, Marine x2  
  86  8:24  Medivac, Marauder  
  86  8:25  Marauder  
  98  8:33  Command Center  
  98  8:35  Marine  
  98  8:41  Supply Depot, Marine  
  100  8:44  Terran Infantry Weapons Level 2  
  100  8:47  Terran Infantry Armor Level 2  
  94  9:14  Marine  
  94  9:15  Marine x6  
  97  9:32  Marine x2  
  97  9:33  Marauder x2  
  97  9:37  Marine x2  
  93  9:49  Marine  
  93  9:50  Medivac x2, Marine  
  99  9:54  Widow Mine  
  87  10:21  Marine  
  87  10:22  Marine x5  
  87  10:23  Marauder  
  88  10:39  Marine  
  88  10:40  Marauder x3, Marine x2  
  89  10:44  Marauder, Orbital Command  
  89  10:45  SCV x2  
  86  10:57  Marine x3  
  86  11:01  Marine x3  
  92  11:05  Marine  
  93  11:11  Bunker  
  93  11:15  Marine x3  
  93  11:16  Bunker  
  93  11:18  Supply Depot, Medivac  
  96  11:19  Marauder, Marine x2  
  96  11:23  Marauder  
  104  11:45  Marine  
  104  11:46  Marine x6  
  95  11:50  Terran Infantry Weapons Level 3, Terran Infantry Armor Level 3  
  95  11:53  SCV  
  92  12:03  Marine x7  
  99  12:21  Marine x6  
  99  12:22  Marauder, Medivac x2  
  109  12:34  Command Center  
  109  12:38  Marine  
  109  12:39  Marine  
  109  12:40  Marauder x3  
  109  12:41  Marine  
  118  12:52  SCV, Medivac  
  118  12:56  Supply Depot  
  121  13:00  Marine x2  
  121  13:01  Marine  
  121  13:03  Marine x2  
  121  13:04  Medivac  
  121  13:05  Widow Mine  
  128  13:07  Marine x2  
  132  13:18  Marine  
  133  13:21  Marauder x2  
  133  13:22  Medivac  
  133  13:25  Marauder x2  
  142  13:31  Orbital Command  
  132  13:34  Marine  
  132  13:35  Marine  
  132  13:36  Medivac, Marine  
  130  13:42  Marauder, Marine  
  130  13:46  Marine x2  
  130  13:47  SCV x2  
  130  13:48  Orbital Command  
  137  13:52  Marine, Medivac  
  137  13:53  Marine  
  137  13:54  Marine  
  142  13:59  SCV  
  142  14:00  Marine  
  142  14:01  SCV x2  
  146  14:03  Barracks x2  
  146  14:04  Barracks, Marauder x3  
  146  14:05  Barracks  
  146  14:06  Medivac  
  154  14:11  SCV  
  154  14:13  SCV  
  156  14:18  Marauder  
  158  14:32  Missile Turret  
  158  14:33  Missile Turret  
  158  14:34  Missile Turret  
  158  14:39  Missile Turret  
  146  15:09  Marine  
  146  15:10  Marine x6  
Show
View Real Time Build Order
Export as new Build Order

Alkan Zerg 

Build Orders: Hatch First, Lurkers 

Get SALT Encoding   

  12  0:01  Drone  
  13  0:13  Overlord  
  13  0:19  Drone  
  14  0:33  Drone x2  
  16  0:38  Drone  
  17  0:45  Drone  
  18  1:02  Hatchery  
  17  1:05  Drone  
  18  1:12  Drone, Extractor  
  18  1:20  Spawning Pool  
  18  1:21  Drone  
  18  1:33  Drone  
  19  1:41  Drone  
  20  1:50  Overlord  
  20  2:07  Queen  
  22  2:08  Zergling x2  
  22  2:14  Queen  
  25  2:15  Zergling x2  
  25  2:20  Drone  
  27  2:23  Metabolic Boost  
  27  2:29  Drone  
  28  2:38  Drone x3  
  31  2:45  Drone  
  32  2:56  Drone x2  
  34  3:04  Zergling x2  
  33  3:14  Zergling x4  
  35  3:20  Extractor  
  34  3:34  Roach Warren  
  34  3:36  Drone x3, Extractor  
  34  3:38  Hatchery  
  34  3:41  Overlord  
  33  3:52  Zergling x8  
  33  3:53  Overlord  
  35  4:01  Zergling x10  
  38  4:14  Roach  
  40  4:21  Roach  
  38  4:31  Roach x5  
  46  4:40  Roach x2  
  49  4:46  Lair  
  49  4:59  Extractor  
  48  5:05  Drone x3  
  48  5:06  Drone x3  
  53  5:17  Drone  
  53  5:18  Drone x2  
  56  5:21  Overlord  
  55  5:47  Drone  
  55  5:48  Drone x7  
  61  5:51  Roach  
  61  5:52  Glial Reconstitution  
  63  6:03  Drone x3  
  66  6:10  Nydus Network  
  65  6:14  Overlord  
  65  6:16  Overlord  
  65  6:21  Ravager  
  65  6:24  Overlord  
  66  6:32  Queen  
  66  6:33  Ravager  
  66  6:34  Ravager x5  
  66  6:36  Roach  
  66  6:37  Zergling x6  
  66  6:38  Zergling x6  
  82  7:02  Nydus Canal  
  82  7:07  Roach x4  
  88  7:34  Overlord x2  
  88  7:35  Overlord  
  88  7:47  Hydralisk Den  
  87  8:03  Overlord  
  87  8:04  Overlord, Drone  
  87  8:05  Drone x10  
  97  8:08  Hatchery  
  97  8:11  Queen  
  98  8:13  Hatchery, Overlord  
  98  8:14  Extractor  
  98  8:18  Extractor  
  95  8:30  Overlord  
  95  8:31  Hydralisk x3  
  95  8:32  Drone  
  95  8:33  Drone x2  
  104  8:34  Muscular Augments  
  104  8:36  Drone  
  105  8:42  Spore Crawler  
  105  8:43  Spore Crawler  
  105  8:47  Spore Crawler  
  102  8:51  Spore Crawler  
  102  8:53  Spore Crawler  
  102  8:54  Hydralisk x3  
  102  9:08  Hydralisk  
  102  9:09  Hydralisk  
  106  9:12  Overlord x2  
  106  9:13  Extractor  
  105  9:20  Overlord x2  
  97  9:34  Pneumatized Carapace  
  95  9:47  Queen  
  97  9:53  Drone x3  
  97  9:55  Overlord  
  98  10:01  Hydralisk  
  98  10:02  Hydralisk x5  
  98  10:04  Drone x2  
  101  10:11  Drone  
  101  10:12  Drone x2  
  97  10:18  Hydralisk  
  61  10:37  Drone x5  
  61  10:40  Drone  
  65  11:00  Lurker Den  
  65  11:11  Queen  
  65  11:15  Roach x3  
  65  11:17  Drone x2  
  75  11:30  Hydralisk  
  75  11:31  Hydralisk x2  
  77  11:46  Hydralisk x2  
  67  12:10  Ravager x3  
  70  12:18  Hydralisk x3  
  70  12:19  Hydralisk x4  
  84  12:26  Hatchery  
  83  12:30  Lurker  
  83  12:31  Lurker x4  
  88  12:38  Roach x2  
  92  13:07  Nydus Canal  
  92  13:09  Hydralisk x2, Roach x3  
  92  13:10  Roach  
  92  13:11  Roach x2  
  90  13:33  Queen  
  82  13:38  Lurker  
  82  13:40  Lurker x4  
  87  13:47  Drone  
  87  13:48  Drone x2  
  90  14:15  Drone  
  90  14:16  Drone x6  
  97  14:17  Drone  
  98  14:27  Drone x2  
  98  14:28  Drone  
  98  14:29  Drone  
  102  14:42  Roach x2  
  102  14:43  Roach  
  89  14:51  Roach x3  
  54  15:11  Roach  
  54  15:12  Roach x2  
  57  15:16  Drone x4  
  57  15:17  Drone x3  
Tags
 
Add a new tag
Caveats
  • Supply blocks, unpowered buildings, or Contaminate may cause inaccurate times.
  • Supply counts are checked every 10 seconds.